 Dungeon Crawl Stone Soup version 0.23.1-42-g8abd8fc (webtiles) character file.

Game seed: 10341526830287755703

1397 esteth the Thaumaturge (level 8, -8/58 HPs)
             Began as a Gnoll Wizard on Mar 30, 2019.
             Was a Follower of Ashenzari.
             Mangled by a killer bee (9 damage)
             ... on level 7 of the Dungeon.
             The game lasted 00:19:05 (6289 turns).

esteth the Thaumaturge (Gnoll Wizard)               Turns: 6289, Time: 00:19:06

Health: -8/58      AC:  4    Str: 11 (14) XL:     8   Next: 69%
Magic:  9/20       EV: 15    Int: 24 (26) God:    Ashenzari [*.....]
Gold:   181        SH:  0    Dex: 12 (14) Spells: 12/23 levels left

rFire    . . .     SeeInvis .   e - +3 dagger (venom)
rCold    . . .     Gourm    .   (no shield)
rNeg     . . .     Faith    .   a - +0 robe
rPois    .         Spirit   .   b - +1 hat
rElec    .         Reflect  +   (no cloak)
rCorr    .         Harm     .   w - +0 pair of gloves
MR       .....                  (no boots)
Stlth    +.........             p - +4 amulet of reflection (curse)
HPRegen  0.19/turn              c - +3 ring of intelligence (curse)
MPRegen  0.17/turn              x - ring of flight

@: confused, mighty, lethally poisoned (-8 -> -25)
A: distributed training, fangs 1, strong nose
a: Curse Item, Scrying, Renounce Religion, Evoke Flight


You were on level 7 of the Dungeon.
You worshipped Ashenzari.
Ashenzari was aware of your devotion.
You were not hungry.

You visited 1 branch of the dungeon, and saw 7 of its levels.

You collected 241 gold pieces.
You spent 60 gold pieces at shops.

Inventory:

Hand Weapons
 e - a +3 dagger of venom (weapon)
 f - a +0 short sword
 i - a +0 trident
Armour
 a - a +0 robe (worn)
 b - a +1 hat (worn)
 w - a +0 pair of gloves (worn)
Jewellery
 c - a cursed +3 ring of intelligence (left hand)
 p - a cursed +4 amulet of reflection (around neck)
 r - an uncursed amulet of harm
 x - a ring of flight (right hand)
Wands
 h - a wand of random effects (47)
 q - a wand of iceblast (2)
Scrolls
 k - 2 scrolls of teleportation
 m - 2 scrolls of fear
 n - 8 scrolls of identify
 s - a scroll of brand weapon {unknown}
 u - 2 scrolls of remove curse
Potions
 g - a potion of resistance {unknown}
 j - 2 potions of might
 l - a potion of curing {unknown}
 o - a potion of agility {unknown}
 v - a potion of magic {unknown}
 z - a potion of degeneration
Comestibles
 d - 8 rations


   Skills:
 + Level 3.4 Fighting
 + Level 3.4 Short Blades
 + Level 3.4 Long Blades
 + Level 3.4 Axes
 + Level 3.4 Maces & Flails
 + Level 3.4 Polearms
 + Level 3.4 Staves
 + Level 3.4 Slings
 + Level 3.4 Bows
 + Level 3.4 Crossbows
 + Level 3.4 Throwing
 + Level 3.4 Armour
 + Level 5.8 Dodging
 + Level 5.4 Stealth
 + Level 3.4 Shields
 + Level 3.4 Unarmed Combat
 + Level 8.0 Spellcasting
 + Level 3.6 Conjurations
 + Level 2.8 Hexes
 + Level 2.8 Charms
 + Level 3.6 Summonings
 + Level 2.8 Necromancy
 + Level 3.6 Translocations
 + Level 2.8 Transmutations
 + Level 2.8 Fire Magic
 + Level 2.8 Ice Magic
 + Level 2.8 Air Magic
 + Level 2.8 Earth Magic
 + Level 2.8 Poison Magic
 + Level 3.8 Invocations
 + Level 3.4 Evocations


You had 12 spell levels left.
You knew the following spells:

 Your Spells              Type           Power        Failure   Level  Hunger
a - Magic Dart            Conj           ####         1%          1    None
b - Blink                 Tloc           N/A          2%          2    None
c - Call Imp              Summ           ####....     2%          2    None
d - Conjure Flame         Conj/Fire      ####....     5%          3    None
e - Mephitic Cloud        Conj/Pois/Air  ###.....     5%          3    None

Your spell library contained the following spells:

 Spells                   Type           Power        Failure   Level  Hunger
 Animate Skeleton         Necr           N/A          1%          1    None
 Apportation              Tloc           ####..       1%          1    None
 Confusing Touch          Hex            ###...       1%          1    None
 Summon Small Mammal      Summ           ####         1%          1    None
 Slow                     Hex            ###.....     3%          2    None


Dungeon Overview and Level Annotations

Branches:
Dungeon (7/15)             Temple (0/1) D:5

Altars:
Ashenzari
Dithmenos
Elyvilon
Fedhas
Gozag
Kikubaaqudgha
Makhleb
Nemelex Xobeh
Okawaru
Ru
Sif Muna
Uskayaw
Vehumet
Zin
The Shining One

Shops:
D:5 *

Annotations:
D:4 exclusion: downstairs, Eustachio


Innate Abilities, Weirdness & Mutations

Your experience applies equally to all skills.
You have very sharp teeth.
Your uncanny sense of smell can sniff out nearby items.


Message History

* * * LOW HITPOINT WARNING * * *
You are more poisoned.
The killer bee poisons you!
The killer bee stings the orc.
The orc is killed!
The orc closely misses you.
The killer bee is engulfed in noxious fumes.
The killer bee appears confused.
It was a potion of degeneration.
There was something very wrong with that liquid.
You feel weakened.
You feel dopey.
You feel clumsy.
You are engulfed in noxious fumes.
You choke on the stench!
You are more confused.
* * * LOW HITPOINT WARNING * * *
x2 You feel sick.
The killer bee stings you.
* * * LOW HITPOINT WARNING * * *
The killer bee stings you.
* * * LOW HITPOINT WARNING * * *
You are more poisoned.
The killer bee poisons you! The killer bee stings you!
You die...

## ...# ##..
#..#######
...##.........
...#......... .
#........... ..
#...y.y.....
#...#..#.#))○°.....
...#....#o@y○.....
#..#.##...y....... .
#.....###.a.......
..#.....# ##........
........## #........
........)# #........
.......<.###........
..........##........
..........#.........


You could see a worker ant (confused), 4 killer bees and an orc.

Vanquished Creatures
  A sky beast (D:5)
  A black bear (D:6)
  2 ogres
  2 bullfrogs (D:6)
  A killer bee (D:7)
  A crimson imp (D:2)
  2 hounds
  4 orc priests
  9 orc wizards
  3 worker ants
  Robin (D:2)
  6 adders
  A shadow imp (D:5)
  An ooze (D:1)
  An adder zombie (D:6)
  2 worms
  A dart slug (D:5)
  5 leopard geckos
  20 orcs
  3 ball pythons
  4 giant cockroaches
  21 goblins
  10 hobgoblins
  7 jackals
  3 bats
  9 frilled lizards
  6 kobolds
  7 rats
134 creatures vanquished.

Vanquished Creatures (collateral kills)
  Edmund (D:5)
  A killer bee (D:7)
2 creatures vanquished.

Grand Total: 136 creatures vanquished

Notes
Turn   | Place    | Note
-------+----------+-------------------------------------------
     0 | D:1      | esteth the Gnoll Wizard began the quest for the Orb.
     0 | D:1      | Reached XP level 1. HP: 13/13 MP: 8/8
   282 | D:1      | Reached XP level 2. HP: 12/19 MP: 10/10
   402 | D:1      | Learned a level 2 spell: Blink
   405 | D:1      | Learned a level 2 spell: Call Imp
  1073 | D:2      | Reached XP level 3. HP: 25/25 MP: 8/11
  1080 | D:2      | Learned a level 3 spell: Conjure Flame
  1084 | D:2      | Learned a level 3 spell: Mephitic Cloud
  1104 | D:2      | Reached skill level 1 in Fighting
  1104 | D:2      | Reached skill level 1 in Short Blades
  1104 | D:2      | Reached skill level 1 in Long Blades
  1104 | D:2      | Reached skill level 1 in Axes
  1104 | D:2      | Reached skill level 1 in Maces & Flails
  1104 | D:2      | Reached skill level 1 in Polearms
  1104 | D:2      | Reached skill level 1 in Staves
  1104 | D:2      | Reached skill level 1 in Slings
  1104 | D:2      | Reached skill level 1 in Bows
  1104 | D:2      | Reached skill level 1 in Crossbows
  1104 | D:2      | Reached skill level 1 in Throwing
  1104 | D:2      | Reached skill level 1 in Armour
  1104 | D:2      | Reached skill level 1 in Shields
  1104 | D:2      | Reached skill level 1 in Unarmed Combat
  1104 | D:2      | Reached skill level 1 in Invocations
  1104 | D:2      | Reached skill level 1 in Evocations
  1104 | D:2      | Reached XP level 4. HP: 25/32 MP: 4/13
  1336 | D:2      | Noticed Robin
  1440 | D:2      | Found a faded altar of an unknown god.
  1441 | D:2      | Reached skill level 1 in Hexes
  1441 | D:2      | Reached skill level 1 in Charms
  1441 | D:2      | Reached skill level 1 in Necromancy
  1441 | D:2      | Reached skill level 1 in Transmutations
  1441 | D:2      | Reached skill level 1 in Fire Magic
  1441 | D:2      | Reached skill level 1 in Ice Magic
  1441 | D:2      | Reached skill level 1 in Air Magic
  1441 | D:2      | Reached skill level 1 in Earth Magic
  1441 | D:2      | Reached skill level 1 in Poison Magic
  1516 | D:2      | Found a glowing golden altar of the Shining One.
  1517 | D:2      | Found a white marble altar of Elyvilon.
  1518 | D:2      | Found a glowing silver altar of Zin.
  1642 | D:2      | Reached XP level 5. HP: 34/37 MP: 14/14
  1849 | D:2      | Killed Robin
  2890 | D:4      | Noticed an ogre
  2899 | D:4      | Killed an ogre
  2899 | D:4      | Reached XP level 6. HP: 44/44 MP: 12/16
  3014 | D:4      | Found a shattered altar of Ashenzari.
  3022 | D:4      | Reached skill level 5 in Dodging
  3124 | D:4      | Became a worshipper of Ashenzari the Shackled
  3198 | D:4      | Noticed Eustachio
  3615 | D:4      | Found an iron altar of Okawaru.
  3912 | D:5      | Entered Level 5 of the Dungeon
  3912 | D:5      | Found a hide-covered altar of Uskayaw.
  3938 | D:5      | Noticed a sky beast
  3947 | D:5      | Killed a sky beast
  3947 | D:5      | Reached XP level 7. HP: 50/50 MP: 11/18
  4009 | D:5      | Found a shadowy altar of Dithmenos.
  4010 | D:5      | Found a burning altar of Makhleb.
  4089 | D:5      | Found a sacrificial altar of Ru.
  4235 | D:5      | Found a staircase to the Ecumenical Temple.
  4235 | D:5      | Noticed Edmund
  4358 | D:5      | Found Plog's Assorted Antiques.
  4366 | D:5      | Bought a scroll of remove curse for 60 gold pieces
  4429 | D:5      | Found an opulent altar of Gozag.
  4792 | D:5      | Killed Edmund
  4984 | D:6      | Reached skill level 5 in Stealth
  5080 | D:6      | Reached * piety under Ashenzari
  5103 | D:6      | Reached XP level 8. HP: 44/57 MP: 12/19
  5402 | D:6      | Found a sparkling altar of Nemelex Xobeh.
  5692 | D:6      | Found a blossoming altar of Fedhas.
  5865 | D:6      | Found an ancient bone altar of Kikubaaqudgha.
  5875 | D:6      | Found a deep blue altar of Sif Muna.
  5891 | D:6      | Found a radiant altar of Vehumet.
  6278 | D:7      | Reached skill level 8 in Spellcasting
  6289 | D:7      | HP: 1/58 [killer bee (2)]
  6289 | D:7      | Mangled by a killer bee

Skill      XL: |  1  2  3  4  5  6  7  8 |
---------------+-------------------------+-----
Conjurations   | 2 3 |  3.6
Summonings     | 2 3 |  3.6
Translocations | 2 3 |  3.6
Fighting       | 1 2 3 |  3.4
Short Blades   | 1 2 3 |  3.4
Long Blades    | 1 2 3 |  3.4
Axes           | 1 2 3 |  3.4
Maces & Flails | 1 2 3 |  3.4
Polearms       | 1 2 3 |  3.4
Staves         | 1 2 3 |  3.4
Slings         | 1 2 3 |  3.4
Bows           | 1 2 3 |  3.4
Crossbows      | 1 2 3 |  3.4
Throwing       | 1 2 3 |  3.4
Armour         | 1 2 3 |  3.4
Shields        | 1 2 3 |  3.4
Unarmed Combat | 1 2 3 |  3.4
Invocations    | 1 2 3 |  3.8
Evocations     | 1 2 3 |  3.4
Hexes          | 1 2 |  2.8
Charms         | 1 2 |  2.8
Necromancy     | 1 2 |  2.8
Transmutations | 1 2 |  2.8
Fire Magic     | 1 2 |  2.8
Ice Magic      | 1 2 |  2.8
Air Magic      | 1 2 |  2.8
Earth Magic    | 1 2 |  2.8
Poison Magic   | 1 2 |  2.8
Dodging        | 5 |  5.8
Stealth        | 5 |  5.4
Spellcasting   | 8 |  8.0

Action                   |  1- 3 |  4- 6 |  7- 9 || total
-------------------------+-------+-------+-------++-------
Melee: Dagger            |    28 |   179 |   135 ||   342
       Bite              |       |    12 |    12 ||    24
       Trident           |       |       |    16 ||    16
       Punch             |       |       |     3 ||     3
 Cast: Magic Dart        |    24 |    19 |    26 ||    69
       Mephitic Cloud    |       |     4 |    10 ||    14
       Conjure Flame     |       |       |     5 ||     5
       Call Imp          |       |       |     3 ||     3
       Blink             |       |       |     2 ||     2
Invok: Curse Item        |       |     1 |     1 ||     2
Evoke: Wand              |       |       |     1 ||     1
  Use: Scroll            |     4 |     7 |       ||    11
       Potion            |       |       |     2 ||     2
 Stab: Sleeping          |     1 |     8 |     6 ||    15
       Confused          |       |     5 |     5 ||    10
       Distracted        |       |     1 |       ||     1
       Paralysed         |       |       |     1 ||     1
  Eat: Chunk             |       |     9 |     8 ||    17
Armor: Robe              |     4 |    23 |    18 ||    45
Dodge: Dodged            |    24 |    98 |   101 ||   223
Block: Other             |       |     2 |    25 ||    27
